 Dungeon Crawl Stone Soup version 0.30.0-10-gfe55d96785 (webtiles) character file.

Game seed: 6081090489465388938

64 ProzacElf the Ducker (level 4, -1/33 HPs)
             Began as a Djinni Gladiator on May 14, 2023.
             Was a High Priest of Ignis.
             Slain by a gnoll
             ... wielding a +0 flail
              (11 damage)
             ... on level 2 of the Dungeon.
             The game lasted 00:02:25 (1130 turns).

ProzacElf the Ducker (Djinni Gladiator)             Turns: 1130, Time: 00:02:25

Health: -1/33      AC:  6    Str: 15    XL:     4   Next: 32%
Gold:   120        EV: 12    Int: 10    God:    Ignis [*****.] SH:  0 Dex: 14

rFire   + + +        a - +0 long sword
rCold   x . .        (no shield)
rNeg    . . .        j - +0 ring mail
rPois   ∞            c - +0 helmet
rElec   .            (no cloak)
rCorr   .            (no gloves)
SInv    .            (boots unavailable)
Will    .....        l - amulet of the acrobat
Stlth   +            (no ring)
HPRegen 0.25/turn    (no ring)
MPRegen 0.00/turn

%: acrobat, infuse magic (-2 HP)
@: flying
A: sickness immunity, fire resistance 2, cold vulnerability 1, float, innate
caster, HP casting, extra vitality 1
a: Renounce Religion, Fiery Armour, Foxfire Swarm, Rising Flame


You were on level 2 of the Dungeon.
You worshipped Ignis.
Ignis was extremely pleased with you.
You visited 1 branch of the dungeon, and saw 2 of its levels.

You collected 120 gold pieces.

Inventory:

Hand Weapons
 a - a +0 long sword (weapon)
Missiles
 d - 3 throwing nets (quivered)
 e - a javelin
Armour
 b - a +0 leather armour
 c - a +0 helmet (worn)
 j - a +0 ring mail (worn)
Jewellery
 l - an amulet of the acrobat (around neck)
Scrolls
 h - a scroll of summoning {unknown}
 i - a scroll of enchant armour {unknown}
 k - 2 scrolls of identify {unknown}
 n - a scroll of blinking {unknown}
 o - a scroll of magic mapping {unknown}
 p - a scroll of vulnerability {unknown}
Potions
 f - a potion of resistance {unknown}
 g - 2 potions of heal wounds {unknown}
 m - a potion of haste {unknown}


   Skills:
 - Level 2.0 Fighting
 + Level 3.5 Long Blades
 - Level 2.0 Throwing
 + Level 4.3 Dodging


You knew the following spells:

 Your Spells              Type           Power      Damage    Failure   Level
a - Beastly Appendage     Tmut           0%         N/A       58%         1
Your spell library was empty.

Dungeon Overview and Level Annotations

Branches:
Dungeon (2/15)

Altars:
Ignis


Innate Abilities, Weirdness & Mutations

You are immune to sickness and miasma.
You are immune to poison.
Your flesh is very heat resistant. (rF++)
You are vulnerable to cold. (rC-)
You float through the air rather than walking.
You learn spells naturally, not from books.
Your magical power is your life essence.
You have superior vitality. (+4 MHP)


Message History

A gnoll comes inta view.
It be wieldin' a +0 whip.
Tha gnoll shouts!
A gnoll comes inta view.
It be wieldin' a +0 spear.
Tha gnoll shouts!
Ye hear a shout!
A gnoll comes inta view.
It be wieldin' a +0 flail.
Tha gnoll hits ye wit' a +0 whip.
Tha gnoll completely misses ye.
Ye take 5 damage, an' haf 28/33 hp.
Ye barely miss tha gnoll.
Tha gnoll hits ye wit' a +0 whip.
Tha gnoll hits ye from afar wit' a +0 spear.
Tha gnoll barely misses ye.
Tha gnoll misses ye.
Ye take 7 damage, an' haf 21/33 hp.
MASSIVE DAMAGE!!
Ye hit tha gnoll but do nay damage.
Tha gnoll hits ye wit' a +0 whip.
Tha gnoll hits ye from afar wit' a +0 spear.
Ye take 7 damage, an' haf 14/33 hp.
MASSIVE DAMAGE!!
Ye be too injured ta fight recklessly!
Ye be too injured ta fight recklessly!
Ye be too injured ta fight recklessly!
Tha gnoll completely misses ye.
Tha gnoll misses ye.
Tha gnoll attacks as ye move away!
Tha gnoll closely misses ye.
Tha gnoll attacks as ye move away!
Tha gnoll misses ye.
Ye hit tha gnoll.
Tha gnoll be lightly wounded.
Tha gnoll hits ye but does nay damage.
Tha gnoll hits ye from afar wit' a +0 spear.
Ye take 1 damage, an' haf 16/33 hp.
Ye slash tha gnoll!
Ye kill tha gnoll!
Tha gnoll hits ye but does nay damage.
Ye see 'ere a +0 whip.
Ye completely miss tha gnoll.
Tha gnoll hits ye wit' a +0 spear!
Tha gnoll hits ye but does nay damage. x2
Ye take 7 damage, an' haf 10/33 hp.
MASSIVE DAMAGE!!
Ye closely miss tha gnoll.
Tha gnoll completely misses ye.
Tha gnoll hits ye wit' a +0 spear.
* * * LOW HITPOINT WARNIN'
* * * Ye take 1 damage, an' haf 9/33 hp.
Ye hit tha gnoll.
Tha gnoll be lightly wounded.
Tha gnoll hits ye wit' a +0 flail!
Ye die...

## ##.###.......# #... .#
... #.......# #.## #.###
... #.......###.# ####...#
... ###.#.:.....#
#######.....# #.#
#.........# ......g.....#
#.# ###.......#
#######.....# #.#
#.......# .. ##.#.## #.#
#.......# #.##.#.#####@#
#[......# #..........gg#
#.......##
.#######.#.#######
#.##....). ..............#
## ##...##
########......###########
#....#
#......#.........####..#.#
###.#..#...............#.#
#.#..#.........#####.#..
#.#..#.........# #.##.


You could see 2 gnolls.

Vanquished Creatures
  A gnoll (D:2)
  2 adders (D:2)
  2 dart slugs
  3 endoplasms
  4 goblins
  3 hobgoblins
  4 jackals (D:1)
  A quokka (D:2)
  2 ball pythons (D:1)
  4 bats
  2 frilled lizards (D:1)
  4 kobolds
  A rat (D:1)
33 creatures vanquished.

Notes
Turn   | Place    | Note
-------+----------+-------------------------------------------
     0 | D:1      | ProzacElf the Djinni Gladiator began the quest for the Orb.
     0 | D:1      | Reached XP level 1. HP: 18/18 MP: 0/0
   125 | D:1      | Reached XP level 2. HP: 23/23 MP: 0/0
   155 | D:1      | Found a faded altar of an unknown god.
   295 | D:1      | Prayed at the altar of an unknown god.
   295 | D:1      | Became a worshipper of Ignis, the Dying Flame
   332 | D:1      | Reached XP level 3. HP: 20/28 MP: 0/0
   332 | D:1      | Learned a level 1 spell: Beastly Appendage
   896 | D:2      | Reached skill level 4 in Dodging
  1030 | D:2      | Reached XP level 4. HP: 33/33 MP: 0/0
  1130 | D:2      | Slain by a gnoll

Illustrated notes

Levels and vault maps discovered:
D:1:      dpeg_arrival_court, layout_basic,
          shapermc_ecumenical_altar_mp_ritualfount
D:2:      layout_basic, dreamdust_princess_corridor

Skill      XL: |  1  2  3 |
---------------+----------+-----
Long Blades    | 3 |  3.5
Throwing       | 2 |  2.0
Dodging        | 4 |  4.3
Fighting       | |  2.0

Action                     |  1- 3 |  4- 6 || total
---------------------------+-------+-------++-------
  Melee: Long sword        |    97 |    11 ||   108
         Punch             |     3 |       ||     3
 Armour: Leather armour    |    16 |       ||    16
         Ring mail         |    16 |     7 ||    23
  Dodge: Dodged            |    82 |    12 ||    94

Action                     |  1- 3 |  4- 6 || total
---------------------------+-------+-------++-------
  Melee: Long sword        |    97 |    11 ||   108
         Punch             |     3 |       ||     3
 Armour: Leather armour    |    16 |       ||    16
         Ring mail         |    16 |     7 ||    23
  Dodge: Dodged            |    82 |    12 ||    94

Levels and vault maps discovered:
D:1:      dpeg_arrival_court, layout_basic,
          shapermc_ecumenical_altar_mp_ritualfount
D:2:      layout_basic, dreamdust_princess_corridor
